 Dungeon Crawl Stone Soup version 0.17.1-3-g152610e (webtiles) character file.

69638 Dalarin the Unseen (level 14, -6/64 HPs)
             Began as a Spriggan Enchanter on Apr 21, 2016.
             Was the Champion of Ashenzari.
             Mangled by an orc warrior
             ... wielding a +0 halberd
              (21 damage)
             ... on level 4 of the Orcish Mines.
             The game lasted 04:13:12 (30667 turns).

Dalarin the Unseen (Spriggan Enchanter)            Turns: 30667, Time: 04:13:14

Health: -6/64      AC: 16    Str:  8    XL:     14   Next: 91%
Magic:  22/31      EV: 17    Int: 20    God:    Ashenzari [******]
Gold:   2032       SH: 13    Dex: 22    Spells: 9 memorised, 13 levels left

rFire  + + .     SeeInvis +     a - +1 dagger (flame) (curse)
rCold  x . .     Clarity  +     X - +3 fire dragon armour "Qilyruso" {rF++ rC- MR+ Slay+5} (curse)
rNeg   + . .     SustAt   .     g - +3 buckler (curse)
rPois  .         Gourm    .     (helmet restricted)
rElec  .         Spirit   .     I - +2 cloak {MR+} (curse)
rCorr  .         Warding  +     (gloves unavailable)
rMut   .         Stasis   .     (boots unavailable)
MR     ++++.                    u - amulet "Udynoloa" {Ward rN+ Str+2 Int-4 Dex+4}
Stlth  +++++++...               P - +4 ring of intelligence
                                h - ring of stealth (curse)

@: very quick, incredibly resistant to hostile enchantments, extremely stealthy
A: unfitting armour, yellow scales 1, see invisible, clever 1, herbivore 3,
speed 3, robust 1, slow metabolism 2
a: Scrying, Transfer Knowledge, Renounce Religion


You were on level 4 of the Orcish Mines.
You worshipped Ashenzari.
Ashenzari was exalted by your worship.
You were not hungry.

You visited 4 branches of the dungeon, and saw 24 of its levels.

You collected 2124 gold pieces.
You spent 92 gold pieces at shops.

Inventory:

Hand Weapons
 a - a cursed +1 dagger of flaming (weapon)
 f - a +0 dagger of holy wrath
Missiles
 l - 5 poisoned tomahawks
 p - 2 silver tomahawks (quivered)
 G - 4 throwing nets
Armour
 g - a cursed +3 buckler (worn)
 I - a cursed +2 cloak of magic resistance (worn)
 Q - a +2 robe of magic resistance
 X - the cursed +3 fire dragon armour "Qilyruso" (worn) {rF++ rC- MR+ Slay+5}
   (You acquired it on level 9 of the Dungeon)

   It affects your accuracy and damage with ranged weapons and melee attacks
   (+5).
   It greatly protects you from fire.
   It makes you vulnerable to cold.
   It affects your resistance to hostile enchantments.
   It has a curse placed upon it.
Jewellery
 h - a cursed ring of stealth (left hand)
 u - the amulet "Udynoloa" (around neck) {Ward rN+ Str+2 Int-4 Dex+4}
   (You found it on level 5 of the Dungeon)

   [amulet of warding]

   It may prevent the melee attacks of summoned creatures.
   It affects your strength (+2).
   It affects your intelligence (-4).
   It affects your dexterity (+4).
   It protects you from negative energy.
 P - a +4 ring of intelligence (right hand)
 V - an uncursed ring of wizardry
Wands
 b - a wand of disintegration (12)
 o - a wand of confusion (18)
 r - a wand of polymorph (7)
 s - a wand of digging (4)
 v - a wand of disintegration (14)
 x - a wand of flame (6)
 y - a wand of paralysis (22)
 z - a wand of disintegration (14)
 E - a wand of paralysis (15)
Scrolls
 i - a scroll of fear
 k - 5 scrolls of enchant armour
 w - 3 scrolls of amnesia
 C - 2 scrolls of curse weapon
 D - a scroll of remove curse
 F - a scroll of identify
 L - 3 scrolls of teleportation
 R - a scroll of curse armour
 S - 2 scrolls of magic mapping
 U - 2 scrolls of recharging
Potions
 e - 4 potions of invisibility
 j - 2 potions of agility
 m - a potion of cure mutation
 n - 3 potions of magic
 q - 3 potions of curing
 t - 2 potions of brilliance
 B - a potion of haste
 H - 3 potions of resistance
 K - 4 potions of heal wounds
 O - a potion of might
 T - 2 potions of flight
 W - a potion of cancellation
Books
 c - a book of Maledictions

   Spells                             Type                      Level
   a - Corona                         Hexes                        1
   b - Ensorcelled Hibernation        Hexes/Ice                    2
   c - Confuse                        Hexes                        3
   d - Tukima's Dance                 Hexes                        3
   e - Dazzling Spray                 Conjuration/Hexes            3
 A - a book of Debilitation

   Spells                             Type                      Level
   a - Corona                         Hexes                        1
   b - Slow                           Hexes                        2
   c - Gell's Gravitas                Hexes/Translocation          3
   d - Inner Flame                    Hexes/Fire                   3
   e - Cause Fear                     Hexes                        4
   f - Leda's Liquefaction            Hexes/Earth                  4
 J - a book of the Warp

   Spells                             Type                      Level
   a - Recall                         Summoning/Translocation      3
   b - Gell's Gravitas                Hexes/Translocation          3
   c - Force Lance                    Conjuration/Translocation    4
   d - Phase Shift                    Translocation                5
   e - Warp Weapon                    Charms/Translocation         5
   f - Summon Forest                  Summoning/Translocation      5
Comestibles
 d - 9 bread rations
 M - 6 slices of pizza
 N - 31 fruits
 Y - a royal jelly


   Skills:
 + Level 12.2(16.3) Short Blades
 + Level 15.0(17.5) Dodging
 + Level 16.5 Stealth
 - Level 7.3(10.4) Shields
 + Level 12.8 Spellcasting
 + Level 3.7 Conjurations
 + Level 13.2 Hexes
 - Level 4.0 Translocations
 - Level 2.0 Evocations


You had 13 spell levels left.
You knew the following spells:

 Your Spells              Type           Power        Failure   Level  Hunger
a - Corona                Hex            ######.      1%          1    None
b - Ensorcelled Hibernat  Hex/Ice        #####.       12%         2    None
c - Confuse               Hex            ######..     1%          3    None
d - Tukima's Dance        Hex            ######..     1%          3    None
e - Dazzling Spray        Conj/Hex       #####...     10%         3    None
f - Gell's Gravitas       Hex/Tloc       #####.....   10%         3    None
g - Force Lance           Conj/Tloc      ####....     99%         4    None
h - Slow                  Hex            ######..     1%          2    None
i - Cause Fear            Hex            ######....   4%          4    None


Dungeon Overview and Level Annotations

Branches:
Dungeon (11/15)            Temple (1/1) D:5            Lair (8/8) D:8
 Shoals (0/4) Lair:3        Snake (0/4) Lair:5        Slime (0/6) Lair:6
    Orc (4/4) D:11            Elf (0/3) Orc:4

Altars:
Ashenzari
Cheibriados
Elyvilon
Gozag
Kikubaaqudgha
Makhleb
Okawaru
Ru
Sif Muna
Trog
Vehumet
Xom
Zin
The Shining One
Jiyva

Shops:
D:4 (   D:6 }   D:11 }   Orc:4 %

Annotations:
D:6 Peloso's ghost, novice MiFi


Innate Abilities, Weirdness & Mutations

You are tiny and cannot use many weapons and most armour.
You have supernaturally acute eyesight.
You are a herbivore.
You cover ground extremely quickly.
You need consume almost no food.
You are partially covered in yellow scales (AC +2).
Your mind is acute. (Int +2)
You are robust (+10% HP).


Message History

Confirm with . or Enter, or press ? or * to list all spells.
Aiming: Ensorcelled Hibernation
Press: ? - help, Shift-Dir - straight line, f/p - orc sorcerer
Aim: an orc sorcerer, wielding a dagger and wearing a robe of resistance (chance to defeat MR: 50%)
The orc sorcerer is unaffected.
The sixfirhy hits you. The sixfirhy shocks you!
The orc sorcerer gestures wildly while chanting.
The orc warrior closely misses you.
The orc sorcerer gestures wildly while chanting.
You block the orc warrior's attack. The sixfirhy hits you!
The sixfirhy shocks you!
Casting: Ensorcelled Hibernation
Confirm with . or Enter, or press ? or * to list all spells.
Okay, then.
You block the sixfirhy's attack. The sixfirhy closely misses you.
The sixfirhy misses you.
The orc sorcerer hits you but does no damage.
The orc warrior hits you with a long sword!
* * * LOW HITPOINT WARNING * * *
The orc warrior hits you from afar with a halberd!!
You die...

.#...#o########################..
#.#..#)[.........................
....^.#4...........).....#.......
#.#...[.......................#..
##.#).4.....4........<.......#...
.....o..)......#.[..#.#.#........
...[..)([.....4[.4..#............
.#....)......o.oo#.#.............
.##...........o4@........(......#
..##............[...#....(.....##
.#.............................##
#.................#.......[[.....
##.##.............###.....[<[....
####........>.#.##..............
##.......................(...
##..............#............
#.......##..................)


You could see 2 sixfirhies, a blue devil, 2 orc sorcerers, a red devil and 2 orc
warriors.

Vanquished Creatures
  Rupert (Lair:7)
  Kirke (Lair:8)
  Nessos (Orc:4)
  6 hydras
  Erolcha (D:9)
  A death yak (Lair:8)
  An orc high priest (Orc:4)
  Sonja (Orc:4)
  A fire crab (Lair:7)
  2 unseen horrors
  3 orc knights
  3 hill giants
  2 cyclopes
  A wolf spider (Lair:2)
  3 orc sorcerers (Orc:4)
  6 elephants (Lair:3)
  10 black mambas
  Maurice (D:8)
  Psyche (D:9)
  30 spiny frogs
  10 komodo dragons
  5 fire drakes
  4 trolls
  2 merfolk (Lair:3)
  A polar bear (Lair:6)
  17 blink frogs
  55 yaks
  2 wraiths
  3 deep elf magi
  7 basilisks
  A trapdoor spider (D:10)
  2 hogs (Lair:8)
  4 hungry ghosts
  12 wolves
  8 vampire mosquitoes
  3 wargs
  9 hippogriffs
  13 porcupines
  13 water moccasins
  21 orc warriors
  A sky beast (D:8)
  An ice beast (D:10)
  A black bear (D:8)
  8 ogres
  3 centaurs
  A wasp (D:11)
  10 crocodiles
  38 giant frogs
  A gnoll sergeant (D:5)
  2 big kobolds
  A wyvern skeleton (D:6)
  2 water moccasin skeletons
  12 killer bees
  A scorpion (D:7)
  3 wights (D:8)
  5 electric eels
  5 crimson imps
  A centaur zombie (D:8)
  2 giant frog zombies
  27 orc priests
  23 hell rats
  5 jellies
  2 gnoll shamans
  6 hounds
  4 iguanas
  2 giant frog skeletons
  10 worker ants
  34 orc wizards
  15 sheep
  Robin (D:2)
  20 gnolls
  14 adders
  68 river rats
  A shadow imp (D:9)
  An ufetubus (D:10)
  An adder skeleton (D:9)
  An adder zombie (D:7)
  A worm (D:3)
  141 orcs
  4 ball pythons
  6 bats
  10 goblins
  15 hobgoblins
  4 jackals (D:2)
  18 kobolds
  4 quokkas
  2 giant cockroaches (D:2)
  A giant cockroach zombie (D:5)
  8 giant geckos
  A giant gecko zombie (D:5)
  4 giant newts
  A quokka zombie (D:8)
  21 rats
  A fungus (Lair:6)
  A plant (Lair:7)
844 creatures vanquished.

Vanquished Creatures (others)
  A human (Lair:8)
  2 giant frogs (Lair:8)
  A sheep (Lair:8)
  A bush (Lair:2)
  18 fungi
  28 plants
51 creatures vanquished.

Grand Total: 895 creatures vanquished

Notes
Turn   | Place    | Note
--------------------------------------------------------------
     0 | D:1      | Dalarin the Spriggan Enchanter began the quest for the Orb.
     0 | D:1      | Reached XP level 1. HP: 9/9 MP: 5/5
   224 | D:1      | Reached XP level 2. HP: 13/13 MP: 6/6
  1021 | D:2      | Learned a level 2 spell: Ensorcelled Hibernation
  1045 | D:2      | Reached XP level 3. HP: 16/16 MP: 6/8
  1087 | D:2      | Noticed Robin
  1373 | D:2      | Reached skill level 5 in Stealth
  1547 | D:2      | Killed Robin
  1547 | D:2      | Reached XP level 4. HP: 15/21 MP: 0/10
  2780 | D:3      | Gained mutation: You are partially covered in yellow scales (AC +2). [potion of mutation]
  2780 | D:3      | Gained mutation: You are robust (+10% HP). [potion of mutation]
  2780 | D:3      | Gained mutation: Your mind is acute. (Int +2) [potion of mutation]
  2869 | D:3      | Learned a level 3 spell: Confuse
  2873 | D:3      | Learned a level 3 spell: Tukima's Dance
  2946 | D:3      | Found a glowing golden altar of the Shining One.
  2946 | D:3      | Found a bloodstained altar of Trog.
  3061 | D:4      | Reached XP level 5. HP: 26/26 MP: 4/11
  3118 | D:4      | Found Kien's Antique Weapon Emporium.
  3328 | D:4      | Noticed a centaur
  3336 | D:4      | Killed a centaur
  3336 | D:4      | Reached skill level 5 in Hexes
  3698 | D:4      | Reached XP level 6. HP: 25/30 MP: 10/13
  3819 | D:4      | Found a white marble altar of Elyvilon.
  3821 | D:4      | Found a sacrificial altar of Ru.
  3823 | D:4      | Found a shattered altar of Ashenzari.
  3823 | D:4      | Found a shimmering altar of Xom.
  3824 | D:4      | Found an opulent altar of Gozag.
  3824 | D:4      | Found an iron altar of Okawaru.
  3824 | D:4      | Found an ancient bone altar of Kikubaaqudgha.
  3824 | D:4      | Found a radiant altar of Vehumet.
  3929 | D:4      | Became a worshipper of Ashenzari the Shackled
  4035 | D:4      | Reached skill level 5 in Dodging
  4035 | D:4      | Reached skill level 6 in Stealth
  4288 | D:4      | Reached skill level 1 in Shields
  4507 | D:4      | Noticed a phantom
  4955 | D:5      | Entered Level 5 of the Dungeon
  5006 | D:5      | Reached XP level 7. HP: 29/35 MP: 12/14
  5011 | D:5      | Learned a level 3 spell: Dazzling Spray
  5132 | D:5      | Found a staircase to the Ecumenical Temple.
  5138 | Temple   | Entered the Ecumenical Temple
  5164 | D:5      | Identified the amulet "Udynoloa" {Ward rN+ Str+2 Int-4 Dex+4}
  5341 | D:5      | Reached * piety under Ashenzari
  6190 | D:5      | Reached skill level 7 in Stealth
  6199 | D:5      | Reached skill level 5 in Spellcasting
  6500 | D:6      | Noticed Peloso's ghost (novice MiFi)
  7103 | D:6      | Reached XP level 8. HP: 39/39 MP: 12/17
  7191 | D:6      | Found a burning altar of Makhleb.
  7193 | D:6      | Found a glowing silver altar of Zin.
  7193 | D:6      | Noticed an angel
  7193 | D:6      | Noticed an Executioner
  7355 | D:6      | Found a snail-covered altar of Cheibriados.
  7734 | D:6      | Found Seibbieta's Gadget Shoppe.
  7739 | D:6      | Bought a wand of flame (8) for 60 gold pieces
  8012 | D:6      | Reached skill level 8 in Stealth
  8293 | D:7      | Found a deep blue altar of Sif Muna.
  8364 | D:7      | Reached skill level 5 in Short Blades
  9369 | D:7      | Reached ** piety under Ashenzari
  9983 | D:8      | Reached XP level 9. HP: 36/42 MP: 10/19
 10048 | D:8      | Found a staircase to the Lair.
 10050 | D:8      | Noticed a spiny frog
 10057 | D:8      | Killed a spiny frog
 10129 | D:8      | Reached skill level 9 in Stealth
 11427 | D:8      | Noticed Maurice
 11430 | D:8      | Killed Maurice
 11781 | Lair:1   | Entered Level 1 of the Lair of Beasts
 11783 | Lair:1   | Reached skill level 10 in Stealth
 11835 | Lair:1   | Noticed a komodo dragon
 11922 | Lair:1   | Reached XP level 10. HP: 28/48 MP: 22/22
 11942 | Lair:1   | Learned a level 3 spell: Gell's Gravitas
 12192 | Lair:1   | Reached skill level 1 in Evocations
 12205 | Lair:1   | Reached skill level 1 in Translocations
 12511 | Lair:1   | Noticed a spiny frog
 12522 | Lair:1   | Killed a spiny frog
 12652 | Lair:1   | Noticed a black mamba
 13199 | Lair:1   | Killed a black mamba
 13320 | Lair:1   | Reached skill level 11 in Stealth
 13521 | Lair:1   | Killed a komodo dragon
 13992 | Lair:1   | Reached skill level 10 in Dodging
 13992 | Lair:1   | Reached XP level 11. HP: 51/51 MP: 16/24
 14452 | Lair:2   | Noticed a wolf spider
 14458 | Lair:2   | Killed a wolf spider
 14485 | Lair:2   | Reached skill level 5 in Shields
 14926 | Lair:2   | Noticed a black mamba
 14932 | Lair:2   | Killed a black mamba
 14938 | Lair:2   | Learned a level 4 spell: Force Lance
 15025 | Lair:3   | Reached *** piety under Ashenzari
 15282 | Lair:3   | Reached skill level 12 in Stealth
 15974 | Lair:3   | Reached skill level 10 in Hexes
 16313 | Lair:3   | Found a staircase to the Shoals.
 16548 | Lair:4   | Reached XP level 12. HP: 56/56 MP: 21/26
 17123 | Lair:4   | Reached skill level 10 in Spellcasting
 17527 | Lair:5   | Reached skill level 13 in Stealth
 17554 | Lair:5   | Found a staircase to the Snake Pit.
 17576 | Lair:5   | Noticed a five-headed hydra
 17597 | Lair:5   | Killed a five-headed hydra
 17691 | Lair:5   | Noticed a seven-headed hydra
 17699 | Lair:5   | Killed a seven-headed hydra
 17961 | Lair:5   | Reached skill level 10 in Short Blades
 18182 | Lair:6   | Reached **** piety under Ashenzari
 18384 | Lair:6   | Reached skill level 14 in Stealth
 18546 | Lair:6   | Found a viscous altar of Jiyva.
 18547 | Lair:6   | Found a staircase to the Slime Pits.
 18616 | Lair:6   | Noticed a six-headed hydra
 18619 | Lair:6   | Killed a six-headed hydra
 19005 | Lair:7   | Noticed an eight-headed hydra
 19012 | Lair:7   | Killed an eight-headed hydra
 19021 | Lair:7   | Noticed Rupert
 19067 | Lair:7   | Killed Rupert
 19067 | Lair:7   | Reached XP level 13. HP: 60/60 MP: 15/29
 20006 | Lair:7   | Noticed a seven-headed hydra
 20009 | Lair:7   | Noticed a seven-headed hydra
 20012 | Lair:7   | Killed a seven-headed hydra
 20018 | Lair:7   | Killed a seven-headed hydra
 20183 | Lair:8   | Entered Level 8 of the Lair of Beasts
 20424 | Lair:8   | Reached skill level 15 in Stealth
 20432 | Lair:8   | Noticed Kirke
 20703 | Lair:8   | Reached skill level 1 in Conjurations
 21728 | Lair:8   | Killed Kirke
 21918 | Lair:8   | Reached XP level 14. HP: 64/64 MP: 27/30
 22228 | Lair:8   | Reached ***** piety under Ashenzari
 23318 | Lair:8   | Identified the +11 greatsling "Ikir Taa" {freeze, rC- Int+4 Dex+5}
 23319 | Lair:8   | Identified the cursed +1 great sword "Hokiskes" {flame, Str+4 Stlth+}
 23977 | D:9      | Noticed Psyche
 23979 | D:9      | Killed Psyche
 24081 | D:9      | Noticed Erolcha
 24087 | D:9      | Killed Erolcha
 24271 | D:9      | Identified a scroll of acquirement
 24271 | D:9      | Identified the cursed +3 fire dragon armour "Qilyruso" {rF++ rC- MR+ Slay+5} (You acquired it on level 9 of the Dungeon)
 25234 | D:10     | Entered Level 10 of the Dungeon
 25866 | D:10     | Reached skill level 16 in Stealth
 27241 | D:11     | Found a staircase to the Orcish Mines.
 27491 | D:11     | Found Jock's Gadget Shoppe.
 27621 | Orc:1    | Entered Level 1 of the Orcish Mines
 28235 | Orc:3    | Reached ****** piety under Ashenzari
 28609 | Orc:3    | Learned a level 2 spell: Slow
 28637 | Orc:3    | Learned a level 4 spell: Cause Fear
 29049 | Orc:4    | Entered Level 4 of the Orcish Mines
 29049 | Orc:4    | Found a staircase to the Elven Halls.
 29062 | Orc:4    | Noticed Nessos
 29298 | Orc:4    | Killed Nessos
 29373 | Orc:4    | Found Diuruint's Food Emporium.
 29399 | Orc:4    | Bought a slice of pizza for 16 gold pieces
 29399 | Orc:4    | Bought a slice of pizza for 16 gold pieces
 29587 | Orc:4    | Noticed Sonja
 29596 | Orc:4    | Killed Sonja
 30148 | Orc:4    | Reached skill level 15 in Dodging
 30392 | Orc:4    | Noticed an orc warlord
 30667 | Orc:4    | Mangled by an orc warrior

Action                   |  1- 3 |  4- 6 |  7- 9 | 10-12 | 13-15 || total
-------------------------+-------+-------+-------+-------+-------++-------
Melee: Dagger            |   118 |   285 |   529 |   704 |  1217 ||  2853
 Cast: Ensorcelled Hiber |     5 |    25 |    49 |   243 |   355 ||   677
       Corona            |     3 |    19 |    19 |     6 |     3 ||    50
       Confuse           |       |     1 |    50 |    32 |    87 ||   170
       Gell's Gravitas   |       |       |       |     3 |    11 ||    14
       Force Lance       |       |       |       |       |     2 ||     2
Evoke: Wand              |       |       |       |     3 |     4 ||     7
  Use: Potion            |     5 |     3 |     5 |     2 |     3 ||    18
       Scroll            |     3 |     5 |    11 |     6 |    10 ||    35
 Stab: Sleeping          |    20 |    25 |    46 |   170 |   234 ||   495
       Distracted        |       |     1 |     3 |     9 |    12 ||    25
       Confused          |       |       |    20 |    18 |    35 ||    73
       Paralysed         |       |       |       |     1 |       ||     1
  Eat: Pizza             |       |     1 |     1 |       |       ||     2
       Fruit             |       |     2 |     1 |     1 |    13 ||    17
       Bread ration      |       |       |     1 |     1 |       ||     2
